AoeStats
← 白鸟ii

Nomad

510527660Analyzed
4v4 RM · 1d ago on Oct 1, 2026· 56m 51s· 8 players
Game mode
Random Map
Map size
231×231
Population
200
Speed
Normal
Resources
Standard
Victory
Conquest
Starting age
Dark Age
Ending age
Imperial Age
RankedLock teamsTeams togetherTeam positionsShared explorationLock speedFull tech treeHidden civsTurbo modeCheats
Victory
Defeat
1220
+14
🇨🇳 Mongols · China
1216
+14
🇹🇼 Goths · Taiwan
1139
+17
🇨🇳 Spanish · China
1070
+21
🇨🇾 Persians · Cyprus
1182
-17
🇪🇸 Italians · Spain
1174
-17
🇪🇸 Varangians · Spain
1171
-16
🇨🇳 Berbers · China
1154
-16
BERTUS
12:21 Loom
14:42 Feudal Age
19:12 Castle Age
17:28 Double-Bit Axe
17:32 Horse Collar
19:19 Fletching
19:27 Town Watch
20:19 Wheelbarrow
20:25 Bodkin Arrow
20:31 Padded Archer Armor
24:41 Fishing Lines
27:35 Ballistics
29:42 Gillnets
32:11 Heavy Plow
33:05 Scale Barding Armor
35:18 Husbandry
35:28 Bloodlines
36:30 Masonry
37:01 Chain Barding Armor
36:52 Forging
37:16 Gold Mining
43:37 Imperial Age
42:08 Stone Mining
JonnyD
15:31 Feudal Age
17:02 Fletching
17:56 Fishing Lines
22:44 Castle Age
20:40 Double-Bit Axe
22:07 Bloodlines
22:05 Stone Mining
24:37 Bow Saw
24:28 Gillnets
25:55 Medium Warships
26:59 Clinker Construction
27:27 Gold Mining
29:00 Husbandry
29:07 Scale Barding Armor
29:31 Loom
30:36 Forging
33:18 Chain Barding Armor
34:12 Gold Shaft Mining
35:11 Wheelbarrow
34:23 Town Watch
35:16 Horse Collar
37:12 Iron Casting
38:13 Ballistics
40:25 Imperial Age
39:07 Heavy Plow
39:49 Bodkin Arrow
42:15 Plate Barding Armor
42:41 Blast Furnace
41:50 Murder Holes
42:56 Chemistry
42:49 Conscription
42:48 Hand Cart
42:41 Town Patrol
42:07 Cavalier
Tadeo02
15:55 Feudal Age
17:25 Fishing Lines
20:19 Castle Age
19:28 Forging
19:18 Scale Mail Armor
20:25 Double-Bit Axe
20:22 Horse Collar
21:56 Squires
22:39 Loom
23:30 Wheelbarrow
25:57 Fletching
27:40 Chain Mail Armor
28:58 Iron Casting
30:34 Hand Cart
32:29 Bloodlines
32:30 Scale Barding Armor
33:45 Husbandry
35:49 Heavy Plow
39:02 Chain Barding Armor
40:49 Vendel Legacy
130农在出兵
14:10 Feudal Age
17:53 Castle Age
15:58 Double-Bit Axe
16:53 Stone Mining
16:57 Gold Mining
16:57 Loom
21:16 Bow Saw
23:12 Wheelbarrow
22:30 Fishing Lines
23:55 Gold Shaft Mining
23:55 Stone Shaft Mining
25:35 Fletching
25:55 Horse Collar
27:39 Heavy Plow
29:57 Kasbah
31:32 Bodkin Arrow
36:01 Imperial Age
35:27 Ballistics
35:11 Padded Archer Armor
37:05 Conscription
36:46 Maghrebi Camels
37:21 Bloodlines
37:11 Husbandry
37:50 Crop Rotation
38:02 Stone Shaft Mining
38:26 Hand Cart
39:01 Bracer
39:16 Leather Archer Armor
40:05 Chemistry
38:47 Treadmill Crane
40:36 Hoardings
39:45 Elite Camel Archer
41:58 Ring Archer Armor
41:35 Scale Barding Armor
41:41 Forging
43:23 Heavy Camel Rider
白鸟ii
4:00 Loom
13:51 Feudal Age
16:39 Double-Bit Axe
22:15 Castle Age
21:03 Stone Mining
23:58 Horse Collar
24:45 Bow Saw
31:38 Heavy Plow
32:51 Wheelbarrow
32:29 Fletching
34:51 Forging
35:17 Bodkin Arrow
38:26 Imperial Age
36:33 Ballistics
37:00 Stone Shaft Mining
36:15 Gold Mining
36:52 Thumb Ring
36:50 Padded Archer Armor
37:02 Bloodlines
36:53 Husbandry
38:00 Hand Cart
38:22 Husbandry
38:39 Leather Archer Armor
39:47 Conscription
41:16 Hoardings
40:06 Elite Mangudai
42:16 Chemistry
42:02 Gold Shaft Mining
42:27 Masonry
41:54 Capped Ram
43:11 Hoardings
43:19 Drill
43:33 Siege Ram
46:58 Bracer
47:26 Parthian Tactics
51:01 Medium Warships
51:36 Shipwright
51:31 Clinker Construction
51:33 Careening
53:45 Heavy Warships
54:45 Spies/Treason
寻找迷失的爱
4:42 Loom
13:43 Feudal Age
17:32 Castle Age
17:02 Stone Mining
18:12 Double-Bit Axe
20:37 Bow Saw
33:32 Gold Mining
33:26 Horse Collar
37:22 Imperial Age
37:38 Wheelbarrow
37:12 Fishing Lines
38:25 Ballistics
39:11 Chemistry
39:28 Two-Man Saw
39:43 Bloodlines
41:25 Hand Cart
41:50 Heavy Plow
47:13 Stone Shaft Mining
47:48 Padded Archer Armor
47:29 Elite Conquistador
48:31 Conscription
49:37 Husbandry
49:48 Gillnets
53:15 Caravan
53:32 Leather Archer Armor
54:45 Spies/Treason
自古表白多白表
5:06 Loom
14:20 Feudal Age
15:23 Double-Bit Axe
15:34 Fishing Lines
16:14 Horse Collar
18:45 Castle Age
18:34 Gold Mining
18:36 Stone Mining
19:49 Bow Saw
19:35 Gillnets
19:56 Heavy Plow
20:51 Stone Shaft Mining
24:11 Wheelbarrow
27:12 Hand Cart
31:20 Imperial Age
29:19 Fletching
29:30 Padded Archer Armor
32:31 Bodkin Arrow
32:51 Leather Archer Armor
35:00 Ballistics
34:47 Siege Engineers
35:20 Bracer
35:51 Ring Archer Armor
35:54 Town Watch
36:42 Paper Money
38:22 Chemistry
36:55 Elite Rattan Archer
50:18 Spies/Treason
混元霹靂手
3:41 Loom
15:24 Feudal Age
17:23 Double-Bit Axe
19:48 Gold Mining
23:20 Castle Age
21:58 Forging
21:48 Scale Mail Armor
24:13 Medium Warships
23:49 Man-at-Arms
24:30 Squires
25:40 Iron Casting
25:20 Chain Mail Armor
26:36 Wheelbarrow
30:27 Hand Cart
29:59 Horse Collar
33:20 Bow Saw
33:11 Heavy Plow
35:00 Pikeman
36:26 Chain Mail Armor
36:18 Long Swordsman
40:20 Imperial Age
40:00 Town Watch
41:11 Perfusion
41:13 Anarchy
40:54 Two-Handed Swordsman
43:59 Blast Furnace
45:03 Ballistics
44:21 Champion
45:40 Halberdier
47:53 Chemistry
50:32 Town Patrol
53:12 Elite Huskarl
54:06 Sappers
54:57 Conscription
56:06 Spies/Treason
Connection lost

Rejoining the realm…

Still unreachable

The connection could not be restored.

Session expired

The server has moved on; the page needs a fresh start.